 Dungeon Crawl Stone Soup version 0.29-a0-668-g12ee2bf84d (webtiles) character file.

Game seed: 15872547729782911813

11000 dualclasshuman the Blocker (level 12, -25/97 HPs)
             Began as a Formicid Fighter on June 17, 2022.
             Was a Believer of Ashenzari.
             Killed by an exploding unseen horror (36 damage)
             ... ignited by their inner flame
             ... on level 11 of the Dungeon on June 23, 2022.
             The game lasted 00:32:39 (13235 turns).

dualclasshuman the Blocker (Formicid Fighter)      Turns: 13235, Time: 00:32:41

Health: -25/97     AC: 17    Str: 27      XL:     12   Next: 2%
Magic:  3/12       EV:  7    Int:  1 (5)  God:    Ashenzari [**....]
Gold:   346        SH: 24    Dex: 23      Spells: 11/11 levels left

rFire   . . .      SeeInvis +   z - +6 spear of Impeachment {chaos, Str+5 Int-3}
rCold   + . .      Faith    .   v - +0 tower shield "Shattered Adversity" {Bglg, Fort} (curse)
rNeg    . . .      Spirit   .   t - +0 plate armour {rC+}
rPois   .          Reflect  +   (helmet unavailable)
rElec   .          Harm     .   P - +0 cloak
rCorr   .          Rampage  .   (no gloves)
Will    +....                   y - +2 pair of boots
Stlth   ..........              g - amulet of the Celestial Augur {Reflect SH+5, Elem, Melee} (curse)
HPRegen 0.26/turn               f - ring "Oscillating Fan" {Dex+6, Self, Cun} (curse)
MPRegen 0.13/turn               q - +4 ring of protection

@: corroded
A: permanent stasis, dig shafts and tunnels, antennae 3, four strong arms,
iridescent scales 1
a: Dig, Shaft Self, Renounce Religion, Shatter the Chains


You were on level 11 of the Dungeon.
You worshipped Ashenzari.
Ashenzari was pleased with you.
You visited 1 branch of the dungeon, and saw 11 of its levels.
You also visited: Ossuary.

You collected 736 gold pieces.
You spent 390 gold pieces at shops.

Inventory:

Hand Weapons
 w - a +0 glaive
 z - the +6 spear of Impeachment (weapon) {chaos, Str+5 Int-3}
   (You found it on level 10 of the Dungeon)

   Each time it hits an enemy it has a different, random effect.
   Str:       It affects your strength (+5).
   Int:       It affects your intelligence (-3).
 K - a +4 dire flail of protection
 O - a +2 glaive of flaming
Missiles
 b - 10 poisoned darts
 I - 10 boomerangs
 N - 4 throwing nets
Armour
 t - a +0 plate armour of cold resistance (worn)
 v - the cursed +0 tower shield "Shattered Adversity" (worn) {Bglg, Fort}
   (You found it on level 9 of the Dungeon)

   It has a curse which improves the following skills: Beguiling: Conjurations,
   Hexes and Translocations.
   Fortitude: Armour and Shields.
 y - a +2 pair of boots (worn)
 H - +0 steam dragon scales
 P - a +0 cloak (worn)
Jewellery
 f - the cursed ring "Oscillating Fan" (left hand) {Dex+6, Self, Cun}
   (You found it on level 1 of the Dungeon)

   [ring of dexterity]

   Dex:       It affects your dexterity (+6).
   It has a curse which improves the following skills: Introspection: Fighting
   and Spellcasting.
   Cunning:   Dodging and Stealth.
 g - the cursed amulet of the Celestial Augur (around neck) {Reflect SH+5, Elem, Melee}
   (You bought it in a shop on level 8 of the Dungeon)

   [amulet of reflection]

   It reflects blocked missile attacks.
   SH:        It affects your SH (+5).
   It has a curse which improves the following skills: Elements: Fire Magic, Ice
   Magic, Air Magic and Earth Magic.
   Melee Combat: Short Blades, Long Blades, Axes, Maces & Flails, Polearms,
   Staves and Unarmed Combat.
 q - a +4 ring of protection (right hand)
Wands
 a - a wand of digging (4)
 r - a wand of iceblast (1)
 E - a wand of flame (10)
 G - a wand of mindburst (8)
 L - a wand of charming (6)
 M - a wand of quicksilver (4)
Scrolls
 h - 7 scrolls of identify
 m - 2 scrolls of amnesia
 n - a scroll of poison
 o - a scroll of silence
 s - 2 scrolls of vulnerability
 u - 3 scrolls of brand weapon
 x - 3 scrolls of fear
 A - 2 scrolls of fog
 C - 2 scrolls of immolation
Potions
 d - 2 potions of might
 e - 2 potions of curing
 i - 3 potions of attraction
 j - 6 potions of degeneration
 k - 3 potions of cancellation
 l - 3 potions of brilliance
 p - 4 potions of flight
 B - a potion of magic
 D - 3 potions of lignification
 F - a potion of resistance


   Skills:
 + Level 8.3(9.6) Fighting
 + Level 9.4(10.7) Maces & Flails
 + Level 9.1(10.4) Polearms
 + Level 2.1 Throwing
 + Level 8.3(9.6) Armour
 + Level 1.7(2.6) Dodging
 + Level 2.6(3.6) Stealth
 + Level 10.1(11.3) Shields
 + Level 1.6 Evocations


You had 11 spell levels left.
You didn't know any spells.
Your spell library contained the following spells:

 Spells                   Type           Power      Damage    Failure   Level
 Foxfire                  Conj/Fire      0%         2x1d4     100%        1
 Shock                    Conj/Air       0%         1d3       100%        1
 Ensorcelled Hibernation  Hex/Ice        0%         N/A       100%        2
 Conjure Flame            Conj/Fire      0%         6-21      100%        3
 Gell's Gravitas          Tloc           0%         N/A       100%        3
 Inner Flame              Hex/Fire       0%         N/A       100%        3
 Lesser Beckoning         Tloc           0%         N/A       100%        3
 Spider Form              Tmut/Pois      0%         N/A       100%        3
 Teleport Other           Tloc           0%         N/A       100%        3
 Airstrike                Air            0%         N/A       100%        4
 Anguish                  Hex/Necr       0%         N/A       100%        4
 Flame Wave               Conj/Fire      0%         2d4       100%        4
 Summon Lightning Spire   Summ/Air       0%         N/A       100%        4
 Lightning Bolt           Conj/Air       0%         1d11      100%        5
 Manifold Assault         Tloc           0%         N/A       100%        5
 Blink                    Tloc           Unusable   N/A       N/A         2
 Swiftness                Air            Unusable   N/A       N/A         3

Dungeon Overview and Level Annotations

Branches:
Dungeon (11/15)            Temple (0/1) D:7            Lair (0/6) D:8
Ossuary (visited)
    Orc: D:9-12

Altars:
Ashenzari
Cheibriados
Fedhas
Hepliaklqana
Makhleb
Qazlal
Trog
Uskayaw
Vehumet
Zin

Shops:
D:1 !   D:3 *   D:7 *   D:8 =

Annotations:
D:10 2 transporters, greasedhog's ghost, journeyman DrBe
D:11 exclusion: orange crystal statue


Innate Abilities, Weirdness & Mutations

You cannot be hasted, slowed, berserked, paralysed or teleported.
You can dig through walls and to a lower floor.
You have a pair of large antennae on your head. (SInv)
Your four strong arms can wield two-handed weapons with a shield.
You are partially covered in iridescent scales. (AC +2)


Message History

Lightning courses through the unseen horror!
The unseen horror is severely wounded.
You block the unseen horror's attack. The troll bites you but does no damage.
The troll claws you.
* * * LOW HITPOINT WARNING * * *
You block the troll's attack.
You feel much better. The unseen horror hits you.
The centaur unwields a +0 shortbow.
The centaur hits you but does no damage.
The centaur kicks you but does no damage.
The acid dragon spits acid at you. The splash of acid hits you!!
* * * LOW HITPOINT WARNING * * *
The acid corrodes you! You block the troll's attack. x3
Okay, then.
Really read the scroll of immolation?
As you read the scroll of immolation, it crumbles to dust.
The creatures around you are filled with an inner flame!
Flame seeps out of the unseen horror.
The unseen horror is engulfed in blazing flames.
Flame seeps out of the unseen horror.
You block the unseen horror's attack.
The unseen horror is engulfed in blazing flames.
Flame seeps out of the unseen horror.
The centaur hits you but does no damage.
You block the centaur's attack. The acid dragon bites you!
* * * LOW HITPOINT WARNING * * *
The acid dragon claws you but does no damage.
You block the troll's attack. The troll claws you but does no damage.
The troll claws you.
* * * LOW HITPOINT WARNING * * *
The centaur hits you.
* * * LOW HITPOINT WARNING * * *
The centaur kicks you but does no damage.
The acid dragon attacks as you move away!
You block the acid dragon's attack. x2; Flame seeps out of the unseen horror.
The unseen horror is engulfed in blazing flames.
The unseen horror dissolves into shadows!
The unseen horror explodes!
The fiery explosion engulfs you!!!
You die...

, ,
#...##...........#
#................. ,
#.................
#...##............ ,
#...##............ ,
,#..........8...... ,
** #..T..............
, ,
#○§D..............
*,,#@○c##............
* ,#§§§##............
, #.................
#......<.......... ,
,,,#.................
, ,+.........######+#
, #...####### ,, ,
,##### ,, * , , , ,
,,


You could see a troll (summoned, inner flame), an acid dragon (summoned, inner
flame, catching breath) and a centaur (summoned, inner flame).

Vanquished Creatures
  Gastronok (D:8)
  Harold (D:9)
  2 two-headed ogres (D:10)
  A cyclops (D:6)
  Joseph (D:9)
  12 yaks
  3 wyverns
  3 steam dragons
  Edmund (D:6)
  An acid dragon (D:9)
  3 water moccasins
  3 sky beasts
  2 orc warriors
  5 black bears
  3 ice beasts
  An ogre (D:6)
  7 centaurs
  A phantom (D:5)
  2 bullfrogs (D:8)
  2 kobold brigands
  3 necrophages
  3 scorpions
  7 wights
  9 killer bees
  A howler monkey (D:8)
  5 electric eels (D:6)
  A centaur zombie (Ossuary)
  3 hounds
  2 orc priests
  3 gnoll shamans
  6 iguanas
  5 orc wizards
  5 mummies (Ossuary)
  3 adders
  4 gnolls (D:7)
  A dart slug (D:5)
  16 orcs
  7 bats
  9 endoplasms
  2 giant cockroaches
  A gnoll zombie (Ossuary)
  5 goblins
  3 hobgoblins
  7 jackals
  5 quokkas
  6 ball pythons
  A frilled lizard (D:1)
  A hobgoblin zombie (Ossuary)
  8 kobolds
  2 kobold zombies (Ossuary)
  3 orc zombies (Ossuary)
  A rat (D:2)
193 creatures vanquished.

Vanquished Creatures (others)
  Eustachio (D:6)
  A centaur (D:8)
  An adder (D:6)
  3 orcs
  14 plants
20 creatures vanquished.

Grand Total: 213 creatures vanquished

Notes
Turn   | Place    | Note
-------+----------+-------------------------------------------
     0 | D:1      | dualclasshuman the Formicid Fighter began the quest for the
                  | Orb.
     0 | D:1      | Reached XP level 1. HP: 18/18 MP: 1/1
    37 | D:1      | Reached XP level 2. HP: 21/24 MP: 2/2
   122 | D:1      | Upgraded the game from 0.29-a0-617-g7a6b98fccd to
                  | 0.29-a0-668-g12ee2bf84d
   181 | D:1      | Found a faded altar of an unknown god.
   218 | D:1      | Prayed at the altar of an unknown god.
   218 | D:1      | Became a worshipper of Ashenzari the Shackled
   575 | D:1      | Reached XP level 3. HP: 30/30 MP: 3/3
   800 | D:1      | Found Ubbig's Distillery.
  1332 | D:2      | Found a burning altar of Makhleb.
  1764 | D:3      | Found Uddiah's General Store.
  1992 | D:3      | Reached XP level 4. HP: 37/37 MP: 4/4
  2612 | D:4      | Found a blossoming altar of Fedhas.
  2783 | D:4      | Reached XP level 5. HP: 42/42 MP: 5/5
  3255 | D:4      | Found a glowing silver altar of Zin.
  3271 | D:4      | Noticed a black bear
  3283 | D:4      | Killed a black bear
  3284 | D:4      | Reached skill level 5 in Shields
  3284 | D:4      | Reached XP level 6. HP: 37/48 MP: 6/6
  3417 | D:4      | Reached skill level 1 in Dodging
  3790 | D:4      | Noticed a black bear
  3798 | D:4      | Killed a black bear
  3799 | D:4      | Reached XP level 7. HP: 55/55 MP: 7/7
  3894 | D:5      | Entered Level 5 of the Dungeon
  3920 | D:5      | Reached skill level 5 in Polearms
  4212 | D:5      | Found a sand-covered staircase.
  4222 | Ossuary  | Entered an ossuary
  4313 | Ossuary  | Reached skill level 1 in Stealth
  4573 | Ossuary  | Reached skill level 5 in Armour
  4573 | Ossuary  | Reached XP level 8. HP: 61/61 MP: 8/8
  4686 | D:5      | Reached skill level 5 in Fighting
  4686 | D:5      | Reached skill level 6 in Shields
  4941 | D:5      | Found a hazy altar of Hepliaklqana.
  5146 | D:6      | Noticed Eustachio
  5151 | D:6      | Killed Eustachio
  5152 | D:6      | Noticed a cyclops
  5309 | D:6      | Noticed Edmund
  5312 | D:6      | Killed Edmund
  5329 | D:6      | Reached skill level 1 in Throwing
  5668 | D:6      | Killed a cyclops
  5669 | D:6      | Reached XP level 9. HP: 69/69 MP: 9/9
  6817 | D:6      | Reached skill level 1 in Maces & Flails
  7062 | D:6      | You fall into a shaft and drop 1 floor!
  7144 | D:7      | Reached XP level 10. HP: 70/76 MP: 10/10
  7181 | D:7      | Found Jeghi's Assorted Antiques.
  7395 | D:7      | Found a staircase to the Ecumenical Temple.
  8087 | D:6      | Found a radiant altar of Vehumet.
  8237 | D:6      | Found a hide-covered altar of Uskayaw.
  8700 | D:6      | Found a bloodstained altar of Trog.
  8986 | D:7      | Reached skill level 5 in Maces & Flails
  9072 | D:8      | Noticed Gastronok
  9377 | D:8      | Killed Gastronok
  9378 | D:8      | Reached skill level 7 in Shields
  9687 | D:8      | Reached XP level 11. HP: 62/84 MP: 11/11
  9931 | D:8      | Found Zoqesuem's Jewellery Emporium.
  9936 | D:8      | Bought an amulet of reflection for 390 gold pieces
  9980 | D:8      | Reached * piety under Ashenzari
 10034 | D:8      | Reached skill level 1 in Evocations
 10243 | D:8      | Reached skill level 8 in Shields
 10350 | D:8      | Found a staircase to the Lair.
 11215 | D:9      | Found a stormy altar of Qazlal.
 11445 | D:9      | Noticed Joseph
 11463 | D:9      | Killed Joseph
 11597 | D:9      | Noticed Harold
 11618 | D:9      | Killed Harold
 11762 | D:9      | Reached skill level 9 in Shields
 11991 | D:9      | Gained mutation: You have sharp toenails. [potion of
                  | mutation]
 11991 | D:9      | Gained mutation: Your spells are a little harder to cast,
                  | but a little more powerful. [potion of mutation]
 12233 | D:10     | Entered Level 10 of the Dungeon
 12233 | D:10     | Found a snail-covered altar of Cheibriados.
 12622 | D:10     | Noticed a two-headed ogre
 12628 | D:10     | Killed a two-headed ogre
 12772 | D:10     | Lost mutation: Your spells are a little harder to cast, but
                  | a little more powerful. [potion of mutation]
 12772 | D:10     | Lost mutation: You have sharp toenails. [potion of
                  | mutation]
 12772 | D:10     | Gained mutation: You are partially covered in iridescent
                  | scales. (AC +2) [potion of mutation]
 12805 | D:10     | Noticed a two-headed ogre
 12819 | D:10     | Killed a two-headed ogre
 12820 | D:10     | Reached skill level 10 in Shields
 12820 | D:10     | Reached XP level 12. HP: 94/95 MP: 12/12
 12820 | D:10     | Reached ** piety under Ashenzari
 12910 | D:10     | Identified the +6 spear of Impeachment {chaos, Str+5 Int-3}
 13078 | D:10     | Found a transporter.
 13080 | D:10     | Found a transporter.
 13080 | D:10     | Noticed greasedhog's ghost (journeyman DrBe)
 13081 | D:10     | Noticed a two-headed ogre
 13083 | D:10     | Identified the +7 great mace "Dishy" {vorpal, rCorr Dex+3}
 13083 | D:10     | Noticed a two-headed ogre
 13083 | D:10     | Noticed a two-headed ogre
 13235 | D:11     | Killed by an exploding unseen horror... ignited by their
                  | inner flame

Illustrated notes

Levels and vault maps discovered:
D:1:      mainiacjoe_arrival_reflecting_pool, layout_basic,
          shapermc_ecumenical_altar_mp_urbaneastern, serial_shops, shop
D:2:      layout_basic, basic_altar
D:3:      layout_basic, serial_shops, shop, chequers_jeans, bh_walls_and_bars
D:4:      layout_basic, mainiacjoe_overflow_alcove_4, fedhas_altar_4
D:5:      layout_loops_ring, general_overflow_altar,
          lightli_ossuary_entry_decrepit_ruins
D:6:      layout_layer_cave, trog_butcher_becter,
          mainiacjoe_overflow_six_doors_small,
          mainiacjoe_overflow_surrounded_room, serial_bayou,
          serial_bayou_lake_a, serial_bayou_pond_e, serial_bayou_shore_b,
          serial_bayou_lagoon_b, uniq_edmund, uniq_eustachio
D:7:      layout_loops_cross, minmay_temple_entry_from_below_a, serial_shops,
          nicolae_shop_crystal
D:8:      minmay_s_stair_smasher, layout_loops_ring, david_lair_generic,
          serial_shops, kennysheep_little_box, centaur_isle, uniq_gastronok
D:9:      layout_irregular_city, nicolae_qazlal_style_of_elements, uniq_harold,
          uniq_joseph
D:10:     layout_roguey, nicolae_overflow_crystal_walls, gammafunk_ghost_smash
D:11:     layout_stronghold, david_orc_1_choice, minivault_16

Skill      XL: |  1  2  3  4  5  6  7  8  9 10 11 |
---------------+----------------------------------+-----
Armour         | 4 5 6 7 8 |  8.3
Polearms       | 3 4 5 8 9 |  9.1
Fighting       | 4 5 6 7 8 |  8.3
Shields        | 5 6 7 10 | 10.1
Dodging        | 1 |  1.7
Stealth        | 1 2 |  2.6
Throwing       | 1 2 |  2.1
Maces & Flails | 2 7 9 |  9.4
Evocations     | 1 |  1.6

Action                   |  1- 3 |  4- 6 |  7- 9 | 10-12 || total
-------------------------+-------+-------+-------+-------++-------
Melee: Trident           |   109 |    31 |       |       ||   140
       Glaive            |       |    34 |   153 |       ||   187
       Dire flail        |       |       |    35 |   388 ||   423
       Spear             |       |       |       |    23 ||    23
Throw: Dart              |       |       |     6 |     4 ||    10
Invok: Curse Item        |       |       |       |     3 ||     3
 Abil: Dig               |       |       |     1 |       ||     1
Evoke: Wand              |       |       |       |     4 ||     4
  Use: Scroll            |     2 |       |     7 |     5 ||    14
       Potion            |       |     2 |     6 |     5 ||    13
 Stab: Invisible         |       |       |       |     7 ||     7
Armor: Scale mail        |    40 |    19 |       |       ||    59
       Plate armour      |       |    37 |   103 |   239 ||   379
       Skin              |       |       |    14 |       ||    14
Dodge: Dodged            |    37 |    27 |    52 |    99 ||   215
Block: Buckler           |    29 |    27 |    47 |   126 ||   229
       Tower shield      |       |       |       |   216 ||   216
       Reflection        |       |       |       |    14 ||    14

Table legend: (Time is in decaauts)
 A = Elapsed time spent in this place.
 B = Non-inter-level travel time spent in this place.
 C = Inter-level travel time spent in this place.
 D = Time resting spent in this place.
 E = Time spent auto-exploring this place.
 F = Levels seen in this place.
 G = Mean time per level.
                   A        B        C        D        E       F      G
               +--------+--------+--------+--------+--------+-----+--------+
         Total |  13387 |  13016 |    371 |   3186 |   7605 |  12 | 1115.6 |
       Dungeon |  13001 |  12630 |    371 |   3093 |   7437 |  11 | 1181.9 |
       Ossuary |    385 |    385 |      0 |     93 |    168 |   1 |  385.0 |
               +--------+--------+--------+--------+--------+-----+--------+

Top non-repeatable levels by time:
     D:6: 2635 daAuts
     D:8: 1844 daAuts
     D:5: 1364 daAuts
     D:4: 1325 daAuts
     D:7: 1146 daAuts
     D:9: 1074 daAuts
     D:1: 954 daAuts
    D:10: 933 daAuts
     D:3: 918 daAuts
     D:2: 742 daAuts
 Ossuary: 385 daAuts
    D:11: 63 daAuts
